 Dungeon Crawl Stone Soup version 0.27-a0-1049-g450f9b2e0d (webtiles) character file.

Game seed: 16510486924830046750

1757 senseless the Skirmisher (level 8, 0/130 HPs)
             Began as a Troll Berserker on Apr 20, 2021.
             Was a Priest of Trog.
             Slain by a wyvern (9 damage)
             ... on level 6 of the Dungeon.
             The game lasted 00:09:12 (3298 turns).

senseless the Skirmisher (Troll Berserker)          Turns: 3298, Time: 00:09:12

Health: 0/130      AC:  5    Str: 26    XL:     8   Next: 79%
Magic:  7/7        EV: 11    Int:  4    God:    Trog [***...]
Gold:   254        SH:  0    Dex: 10    Spells: 7/7 levels left

rFire    + . .     SeeInvis .     - Unarmed
rCold    . . .     Faith    .   (no shield)
rNeg     . . .     Spirit   .   a - +1 animal skin
rPois    .         Reflect  .   (helmet restricted)
rElec    .         Harm     .   (no cloak)
rCorr    .         Rampage  .   (gloves unavailable)
Will     .....                  (boots unavailable)
Stlth    ..........             (no amulet)
HPRegen  1.31/turn              h - ring of protection from fire
MPRegen  0.10/turn              (no ring)

@: berserking, very quick
A: large, unfitting armour, claws 3, regeneration 1, shaggy fur 1, tough skin 1
a: Renounce Religion, Berserk, Trog's Hand


You were on level 6 of the Dungeon.
You worshipped Trog.
Trog was most pleased with you.
You visited 1 branch of the dungeon, and saw 6 of its levels.

You collected 254 gold pieces.

Inventory:

Hand Weapons
 e - a +0 flail of protection
 l - a +2 vorpal scythe
Armour
 a - a +1 animal skin (worn)
Jewellery
 h - a ring of protection from fire (left claw)
Wands
 k - a wand of polymorph (7)
Scrolls
 b - 2 scrolls of enchant armour
 c - 2 scrolls of teleportation
 i - a scroll of identify
Potions
 d - a potion of degeneration {unknown}
 g - a potion of magic
 j - a potion of invisibility
 n - a potion of lignification
 p - a potion of heal wounds {unknown}


   Skills:
 * Level 7.1 Fighting
 + Level 5.3 Dodging
 + Level 6.4 Unarmed Combat


You had 7 spell levels left.
You didn't know any spells.
Your spell library contained the following spells:

 Spells                   Type           Power      Damage    Failure   Level
 Animate Skeleton         Necr           0%         N/A       50%         1
 Magic Dart               Conj           0%         1d3       50%         1
 Pain                     Necr           0%         1d4       50%         1
 Sandblast                Erth           0%         2d4       50%         1
 Passwall                 Tmut/Erth      0%         N/A       65%         2
 Searing Ray              Conj           0%         3d3       65%         2
 Dazzling Flash           Conj/Hex       0%         N/A       86%         3
 Stone Arrow              Conj/Erth      0%         3d7       86%         3
 Vampiric Draining        Necr           0%         2d6       86%         3
 Animate Dead             Necr           0%         N/A       99%         4
 Fulminant Prism          Conj/Hex       0%         3d6       99%         4
 Iskenderun's Mystic Bla  Conj/Tloc      0%         2d3       99%         4
 Petrify                  Tmut/Erth      0%         N/A       99%         4
 Agony                    Necr           0%         N/A       100%        5
 Lee's Rapid Deconstruct  Erth           0%         3d5*      100%        5


Dungeon Overview and Level Annotations

Branches:
Dungeon (6/15)             Temple (0/1) D:4

Altars:
Dithmenos
Ru
Trog
Vehumet
Wu Jian

Shops:
D:2 [   D:5 ?


Innate Abilities, Weirdness & Mutations

You are too large for most types of armour.
You have claws for hands.
Your natural rate of healing is unusually fast.
You are covered in fur. (AC +1)
You have tough skin. (AC +1)


Message History

You feel sick. The wyvern bites you!
You closely miss the wyvern.
The wyvern is lightly wounded.
You feel sick.
The wyvern bites you but does no damage.
You closely miss the wyvern. Your claw misses the wyvern.
The wyvern is lightly wounded.
You feel sick. The wyvern bites you! x2
* * * LOW HITPOINT WARNING * * *
You are too injured to fight recklessly!
You feel sick.
You feel sick.
You feel sick.
You are no longer poisoned.
The wyvern closely misses you. The wyvern misses you. The wyvern bites you!
* * * LOW HITPOINT WARNING * * *
The wyvern barely misses you. The wyvern closely misses you.
You feel better. The wyvern barely misses you.
The centaur skeleton hits you but does no damage.
The centaur skeleton kicks you.
* * * LOW HITPOINT WARNING * * *
The wyvern closely misses you.
A red film seems to cover your vision as you go berserk!
You feel yourself moving faster!
You feel mighty!
The centaur skeleton hits you but does no damage.
The centaur skeleton kicks you but does no damage.
The wyvern bites you!!
* * * LOW HITPOINT WARNING * * *
You scratch the centaur skeleton.
The centaur skeleton is almost destroyed.
The wyvern bites you!
* * * LOW HITPOINT WARNING * * *
The centaur skeleton completely misses you.
The centaur skeleton kicks you.
* * * LOW HITPOINT WARNING * * *
The wyvern bites you!
You die...

.###......._.#.#
#.....(........#
##...#......##
######...).#...^#########
........)###.............
.#####...[†....##...#####
.......<.....#########
######.....##....†...##
#....##..Z@......#
#...##...l........#
#...##..o.........#
....#...########...
#..###..## .. #.. #..## .
# ##.## #. #..# #. #.##


You could see a wyvern, an orc and a centaur skeleton.

Vanquished Creatures
  Grinder (D:3)
  Sigmund (D:3)
  4 yaks (D:4)
  An orc warrior (D:6)
  A sky beast (D:5)
  A centaur (D:4)
  2 phantoms
  4 scorpions
  A hound (D:5)
  A bullfrog skeleton (D:6)
  An orc wizard (D:6)
  A hound skeleton (D:4)
  An adder (D:6)
  An adder skeleton (D:4)
  3 dart slugs
  4 orcs
  6 ball pythons
  7 bats
  13 endoplasms
  5 giant cockroaches
  8 goblins
  3 hobgoblins
  5 jackals
  2 quokkas
  2 frilled lizards
  2 kobolds
  5 rats
86 creatures vanquished.

Notes
Turn   | Place    | Note
-------+----------+-------------------------------------------
     0 | D:1      | senseless the Troll Berserker began the quest for the Orb.
     0 | D:1      | Reached XP level 1. HP: 22/22 MP: 0/0
   270 | D:1      | Reached XP level 2. HP: 29/29 MP: 1/1
   516 | D:1      | You fall into a shaft and drop 1 floor!
   629 | D:1      | Reached ** piety under Trog
   650 | D:1      | Reached skill level 3 in Fighting
   719 | D:1      | Reached XP level 3. HP: 37/37 MP: 2/2
  1074 | D:2      | Found Koruz's Armour Boutique.
  1334 | D:3      | Noticed Sigmund
  1338 | D:3      | Killed Sigmund
  1339 | D:3      | Reached skill level 4 in Fighting
  1339 | D:3      | Reached XP level 4. HP: 48/48 MP: 3/3
  1339 | D:3      | Reached XP level 5. HP: 54/54 MP: 4/4
  1487 | D:3      | Noticed Grinder
  1495 | D:3      | Killed Grinder
  1496 | D:3      | Reached XP level 6. HP: 52/63 MP: 5/5
  1519 | D:3      | Found a bloodstained altar of Trog.
  1958 | D:3      | Found a sacrificial altar of Ru.
  1985 | D:3      | Found a faded altar of an unknown god.
  2048 | D:4      | Reached *** piety under Trog
  2098 | D:4      | Found a radiant altar of Vehumet.
  2155 | D:4      | Reached skill level 5 in Fighting
  2193 | D:4      | Reached XP level 7. HP: 72/72 MP: 6/6
  2318 | D:4      | Found a staircase to the Ecumenical Temple.
  2325 | D:4      | Noticed a yak
  2325 | D:4      | Noticed a yak
  2325 | D:4      | Noticed a yak
  2325 | D:4      | Noticed a yak
  2334 | D:4      | Killed a yak
  2335 | D:4      | Reached skill level 5 in Unarmed Combat
  2338 | D:4      | Killed a yak
  2341 | D:4      | Killed a yak
  2342 | D:4      | Reached skill level 6 in Fighting
  2342 | D:4      | Reached XP level 8. HP: 83/83 MP: 7/7
  2605 | D:5      | Entered Level 5 of the Dungeon
  2643 | D:5      | Found Juokkas's Magic Scroll Shop.
  2799 | D:5      | Reached skill level 5 in Dodging
  3188 | D:6      | Found a shadowy altar of Dithmenos.
  3207 | D:6      | Found an ornate altar of the Wu Jian Council.
  3237 | D:6      | Reached skill level 7 in Fighting
  3298 | D:6      | Slain by a wyvern

Illustrated notes

Levels and vault maps discovered:
D:1:      dpeg_arrival_concentric_ovals, layout_basic,
          minmay_misc_feat_diagonals, bh_walls_and_bars
D:2:      layout_rooms, serial_shops,
          nicolae_shop_temple_entry_statues_fountains,
          amcnicky_mini_corridor_feature
D:3:      layout_basic, nicolae_overflow_hidden_temple,
          nicolae_overflow_crystal_walls, shapermc_ecumenical_altar_hornbeckon,
          uniq_sigmund, uniq_grinder
D:4:      layout_rooms, nicolae_vehumet_radiance, temple_green,
          amethyst_killhole
D:5:      layout_gridville, serial_shops,
          nicolae_shop_temple_entry_statues_fountains
D:6:      layout_loops_ring, grunt_temple_overflow_open, lemuel_doored_altar,
          nzn_random_ring

Skill      XL: |  1  2  3  4  5  6  7  8 |
---------------+-------------------------+-----
Fighting       | 3 4 5 6 7 |  7.1
Dodging        | 3 4 5 |  5.3
Unarmed Combat | 4 5 6 |  6.4

Action                   |  1- 3 |  4- 6 |  7- 9 || total
-------------------------+-------+-------+-------++-------
Melee: Unarmed           |    99 |    60 |    78 ||   237
       Punch             |     1 |     1 |     2 ||     4
Invok: Berserk           |     2 |     1 |     2 ||     5
  Use: Scroll            |       |       |    11 ||    11
       Potion            |       |       |     1 ||     1
Armor: Animal skin       |    37 |     6 |    16 ||    59
Dodge: Dodged            |    54 |    27 |    27 ||   108

Table legend: (Time is in decaauts)
 A = Elapsed time spent in this place.
 B = Non-inter-level travel time spent in this place.
 C = Inter-level travel time spent in this place.
 D = Time resting spent in this place.
 E = Time spent auto-exploring this place.
 F = Levels seen in this place.
 G = Mean time per level.
                   A        B        C        D        E       F      G
               +--------+--------+--------+--------+--------+-----+--------+
         Total |   3321 |   3197 |    124 |    176 |   2463 |   6 |  553.5 |
       Dungeon |   3321 |   3197 |    124 |    176 |   2463 |   6 |  553.5 |
               +--------+--------+--------+--------+--------+-----+--------+

Top non-repeatable levels by time:
     D:1: 891 daAuts
     D:3: 707 daAuts
     D:4: 572 daAuts
     D:5: 559 daAuts
     D:2: 463 daAuts
     D:6: 126 daAuts
